 Dungeon Crawl Stone Soup version 0.28-a0-1339-ga5422284a4 (webtiles) character file.

Game seed: 7733255353080543780

7 Goblin1989 the Sneak (level 1, -5/18 HPs)
             Began as a Demonspawn Delver on Dec 28, 2021.
             Shot with an arrow by a centaur (9 damage)
             ... on level 4 of the Dungeon.
             The game lasted 00:01:29 (291 turns).

Goblin1989 the Sneak (Demonspawn Delver)             Turns: 291, Time: 00:01:29

Health: -5/18      AC:  3    Str: 12    XL:     1   Next: 91%
Magic:  1/1        EV: 11    Int: 11    God:
Gold:   0          SH:  0    Dex: 14    Spells: 0/0 levels left

rFire   . . .      SeeInvis .   i - +8 woodcutter's axe {vorpal}
rCold   . . .      Faith    .   (no shield)
rNeg    . . .      Spirit   .   b - +0 leather armour
rPois   .          Reflect  .   (no helmet)
rElec   .          Harm     .   (no cloak)
rCorr   .          Rampage  .   (no gloves)
Will    .....                   (no boots)
Stlth   +++.......              (no amulet)
HPRegen 0.06/turn               (no ring)
MPRegen 0.07/turn               (no ring)

@: no status effects
A: no striking features
a: no special abilities


You were on level 4 of the Dungeon.
You visited 1 branch of the dungeon, and saw 2 of its levels.

Inventory:

Hand Weapons
 a - a +0 short sword
 i - the +8 woodcutter's axe (weapon) {vorpal}
   (You found it on level 4 of the Dungeon)

   It inflicts extra damage upon your enemies.
Armour
 b - a +0 leather armour (worn)
Wands
 g - a wand of digging (3) {@v3}
Scrolls
 c - a scroll of fog
 d - a scroll of magic mapping
 e - 2 scrolls of fear
 h - 2 scrolls of identify {unknown}
Potions
 f - a potion of haste {@q3,}


   Skills:
 - Level 3.0 Fighting
 - Level 2.1 Short Blades
 * Level 0.0 Axes
 - Level 1.7 Dodging
 + Level 4.7 Stealth


You couldn't memorise any spells.
You didn't know any spells.
Your spell library was empty.

Dungeon Overview and Level Annotations

Branches:
Dungeon (5/15)
 Temple: D:4-7

Altars:


Message History

You become Dissolution!
Welcome, Goblin1989 the Demonspawn Delver.
Will you prevail where others failed? Will you find the Orb of Zot?
Press ? for a list of commands and other information.
Found a stone staircase leading down.
Found an escape hatch in the floor.
Found an escape hatch in the floor.
Found a stone staircase leading up.
Found two escape hatches in the ceiling.
There is a stone staircase leading up here.
You climb upwards.
Found 13 bolts and 4 gold pieces.
There is a stone staircase leading down here.
You can't go up here!
You climb downwards.
There is a stone staircase leading up here.
There is an escape hatch in the ceiling here.
You can't go down here!
Really go through this one-way escape hatch?
A mysterious force pulls you upwards. The hatch slams shut behind you.
Found a scroll labelled JIOSIV SATINUE and a scroll of fear.
The helpless dart slug fails to defend itself.
You puncture the dart slug!
You kill the dart slug!
Found a falchion.
The hobgoblin hits you but does no damage.
Found a scroll labelled JIOSIV SATINUE.
The hobgoblin barely misses you.
You closely miss the hobgoblin. The hobgoblin closely misses you.
You hit the hobgoblin.
The hobgoblin is heavily wounded.
The hobgoblin barely misses you.
You hit the hobgoblin.
The hobgoblin is almost dead.
The hobgoblin completely misses you.
You hit the hobgoblin but do no damage.
The hobgoblin is almost dead.
The hobgoblin hits you but does no damage.
You hit the hobgoblin but do no damage.
The hobgoblin is almost dead.
The hobgoblin hits you but does no damage.
You barely miss the hobgoblin.
The hobgoblin is almost dead.
The hobgoblin closely misses you.
You hit the hobgoblin.
You kill the hobgoblin!
Your Short Blades skill increases to level 2!
You see here a hobgoblin corpse.
Found 17 sling bullets.
e - 2 scrolls of fear (gained 1)
h - a scroll labelled JIOSIV SATINUE
h - 2 scrolls labelled JIOSIV SATINUE (gained 1)
Found a robe.
A worm comes into view.
Found the +8 woodcutter's axe {vorpal}.
The worm bites you but does no damage.
You hit the worm.
The worm is lightly wounded.
You hit the worm.
The worm is lightly wounded.
The worm barely misses you.
You barely miss the worm.
The worm is lightly wounded.
The worm completely misses you.
You hit the worm.
The worm is lightly wounded.
You hit the worm.
The worm is moderately wounded.
The worm bites you!
You take 8 damage, and have 10/18 hp.
MASSIVE DAMAGE!!
You hit the worm.
The worm is severely wounded.
You hit the worm.
The worm is severely wounded.
The worm bites you.
* * * LOW HITPOINT WARNING * * *
You take 4 damage, and have 6/18 hp.
MASSIVE DAMAGE!!
You hit the worm.
You kill the worm!
Found a stone staircase leading up.
You see here a worm corpse.
i - the +8 woodcutter's axe {vorpal}
i - the +8 woodcutter's axe (weapon)
{vorpal} You start resting.
HP restored.
Health restored: 18
Found a pair of gloves.
A kobold comes into view. It is wielding a +0 dagger.
The kobold shouts!
You hear a shout!
A centaur comes into view.
The centaur moves out of view.
The centaur wields a +0 shortbow.
The centaur shoots an arrow.
The arrow hits you!
Ouch! That really hurt!
* * * LOW HITPOINT WARNING * * *
You take 11 damage, and have 7/18 hp.
MASSIVE DAMAGE!!
The centaur shoots an arrow.
The arrow hits you.
* * * LOW HITPOINT WARNING * * *
The centaur shoots an arrow.
The arrow hits you!
Ouch! That really hurt!
You die...

.. .... ... ....██... ██
..████ ...██....█.███
.....██.............███.
.....█..)............[..
..........(.....K.......
....................c.
........██.........█
........█ █.....@..██
........███.........██
†....................█
......███.........██.█
......█████†......██.██
.......█ ██...........█
..██..████.....███...██
.....██ █.....███.....█
.....█ █.......█..██..


You could see a centaur and a kobold.

Vanquished Creatures
  A worm (D:4)
  A dart slug (D:4)
  A hobgoblin (D:4)
3 creatures vanquished.

Notes
Turn   | Place    | Note
-------+----------+-------------------------------------------
     0 | D:5      | Goblin1989 the Demonspawn Delver began the quest for the
                  | Orb.
     0 | D:5      | Reached XP level 1. HP: 18/18 MP: 1/1
    15 | D:4      | Noticed a hornet zombie
    80 | D:4      | Found the +8 woodcutter's axe {vorpal}
   289 | D:4      | Noticed a centaur
   291 | D:4      | Shot with an arrow by a centaur

Illustrated notes

Levels and vault maps discovered:
D:4:      layout_cave_pools
D:5:      layout_rooms, dk_noncrumbling_3, nicolae_elevator_lobby_plus

Skill      XL: |  1 |
---------------+----+-----
Short Blades   | 2 |  2.1
Fighting       | |  3.0
Dodging        | |  1.7
Stealth        | |  4.7

Action                   || total
-------------------------++-------
Melee: Short sword       ||    16
 Stab: Sleeping          ||     1
Armor: Leather armour    ||     4
Dodge: Dodged            ||     7

Table legend: (Time is in decaauts)
 A = Elapsed time spent in this place.
 B = Non-inter-level travel time spent in this place.
 C = Inter-level travel time spent in this place.
 D = Time resting spent in this place.
 E = Time spent auto-exploring this place.
 F = Levels seen in this place.
 G = Mean time per level.
                   A        B        C        D        E       F      G
               +--------+--------+--------+--------+--------+-----+--------+
         Total |    291 |    291 |      0 |    179 |      0 |   2 |  145.5 |
       Dungeon |    291 |    291 |      0 |    179 |      0 |   2 |  145.5 |
               +--------+--------+--------+--------+--------+-----+--------+

Top non-repeatable levels by time:
     D:4: 265 daAuts
     D:5: 25 daAuts
